| TOP OF THE 1ST |
|
Stanford University Cardinal batting - Pitching for University of Toronto Marlies : LHP Carlos Ruedas
|
|
Pitching: LHP Carlos Ruedas
|
|
|
Batting: RHB Joe Gabriel
|
0-0: Ground out 3-1 (Groundball, 34, EV 88.8 MPH)
|
|
Batting: LHB Bryan Davidson
|
0-0: Called Strike 0-1: Foul Ball, location: 2F 0-2: Foul Ball, location: 2F 0-2: Foul Ball, location: 2F 0-2: Foul Ball, location: 2F 0-2: Ball 1-2: Ball 2-2: Foul Ball, location: 2F 2-2: SOLO HOME RUN (Flyball, 7LD, EV 96.2 MPH), Distance : 376 ft
|
|
Batting: RHB Joe Petley
|
0-0: Foul Ball, location: 2F 0-1: Ball 1-1: Foul Ball, location: 2F 1-2: Strikes out swinging
|
|
Batting: LHB Donny Kleinjan
|
0-0: Ball 1-0: Ball 2-0: Foul Ball, location: 2F 2-1: Foul Ball, location: 2F 2-2: Ball 3-2: Foul Ball, location: 2F 3-2: Strikes out swinging
|
| Top of the 1st over - 1 run, 1 hit, 0 errors, 0 left on base; Stanford University 1 - University of Toronto 0 |
| BOTTOM OF THE 1ST |
|
University of Toronto Marlies batting - Pitching for Stanford University Cardinal : RHP Jesus Hernandez
|
|
Pitching: RHP Jesus Hernandez
|
|
|
Batting: RHB Elmar Adenauer
|
0-0: Ball 1-0: Called Strike 1-1: Ball 2-1: Foul Ball, location: 2F 2-2: Foul Ball, location: 2F 2-2: Ball 3-2: Ground out 5-3 (Groundball, 5L, EV 85.0 MPH)
|
|
Batting: RHB Logan Johnson
|
0-0: Ball 1-0: Foul Ball, location: 2F 1-1: Ball 2-1: Foul Ball, location: 2F 2-2: Foul Ball, location: 2F 2-2: Ball 3-2: Fly out, F7 (Line Drive, 7S, EV 106.9 MPH)
|
|
Batting: SHB Jack Tierney
|
0-0: Foul Ball, location: 2F 0-1: Swinging Strike 0-2: Ball 1-2: Ball 2-2: Fly out, F7 (Line Drive, 78M, EV 86.2 MPH)
|
| Bottom of the 1st over - 0 runs, 0 hits, 0 errors, 0 left on base; Stanford University 1 - University of Toronto 0 |
| TOP OF THE 2ND |
|
Stanford University Cardinal batting - Pitching for University of Toronto Marlies : LHP Carlos Ruedas
|
|
Batting: LHB Chien Sam
|
0-0: Fly out, F8 (Flyball, 8LM, EV 87.5 MPH)
|
|
Batting: LHB Caleb Hartwell
|
0-0: Called Strike 0-1: Ball 1-1: Swinging Strike 1-2: SOLO HOME RUN (Line Drive, 9D, EV 110.0 MPH), Distance : 418 ft
|
|
Batting: RHB Dzevat Koljevic
|
0-0: Ground out 6-3 (Groundball, 56D, EV 81.9 MPH)
|
|
Batting: RHB Ted Hickey
|
0-0: SINGLE (Groundball, 25, EV 73.1 MPH) (infield hit)
|
|
Batting: LHB Mike Keating
|
0-0: Foul Ball, location: 2F 0-1: Ball 1-1: Swinging Strike 1-2: Foul Ball, location: 2F 1-2: Hit by Pitch Ted Hickey to second
|
|
Batting: RHB Joe Gabriel
|
0-0: Ball 1-0: Ball 2-0: Ball 3-0: Base on Balls Ted Hickey to third Mike Keating to second
|
|
Batting: LHB Bryan Davidson
|
0-0: Called Strike 0-1: Ball 1-1: Swinging Strike 1-2: Strikes out looking
|
| Top of the 2nd over - 1 run, 2 hits, 0 errors, 3 left on base; Stanford University 2 - University of Toronto 0 |
| BOTTOM OF THE 2ND |
|
University of Toronto Marlies batting - Pitching for Stanford University Cardinal : RHP Jesus Hernandez
|
|
Batting: SHB Shannon Britten
|
0-0: Ball 1-0: Ground out 5-3 (Groundball, 56, EV 93.8 MPH)
|
|
Batting: RHB Jeff McClellan
|
0-0: Called Strike 0-1: DOUBLE (Flyball, 78D, EV 107.5 MPH)
|
|
Batting: RHB Rich Vanegas
|
0-0: Fly out, F3 (Popup, 3S, EV 82.5 MPH)
|
|
Batting: RHB Charlie Townend
|
0-0: Ball 1-0: Swinging Strike 1-1: Ball 2-1: Called Strike 2-2: Strikes out looking
|
| Bottom of the 2nd over - 0 runs, 1 hit, 0 errors, 1 left on base; Stanford University 2 - University of Toronto 0 |
| TOP OF THE 3RD |
|
Stanford University Cardinal batting - Pitching for University of Toronto Marlies : LHP Carlos Ruedas
|
|
Batting: RHB Joe Petley
|
0-0: Called Strike 0-1: Ball 1-1: Foul Ball, location: 2F 1-2: Strikes out looking
|
|
Batting: LHB Donny Kleinjan
|
0-0: Fly out, F9 (Flyball, 89M, EV 89.4 MPH)
|
|
Batting: LHB Chien Sam
|
0-0: Called Strike 0-1: Ball 1-1: Called Strike 1-2: Ground out 5-3 (Groundball, 56, EV 84.4 MPH)
|
| Top of the 3rd over - 0 runs, 0 hits, 0 errors, 0 left on base; Stanford University 2 - University of Toronto 0 |
| BOTTOM OF THE 3RD |
|
University of Toronto Marlies batting - Pitching for Stanford University Cardinal : RHP Jesus Hernandez
|
|
Batting: SHB Jose Melendez
|
0-0: Called Strike 0-1: Called Strike 0-2: Ball 1-2: Ball 2-2: Foul Ball, location: 2F 2-2: SINGLE (Groundball, 3S, EV 66.9 MPH) (infield hit)
|
|
Batting: LHB Greg Robertson
|
0-0: Foul Ball, location: 2F 0-1: Ball 1-1: Hit by Pitch Jose Melendez to second
|
|
Batting: RHB Elmar Adenauer
|
0-0: Ball 1-0: Swinging Strike 1-1: Ball 2-1: Ball 3-1: Fly out, F9 (Line Drive, 9D, EV 91.2 MPH) Runner from 2nd tags up, SAFE at 3rd, no throw by RF
|
|
Batting: RHB Logan Johnson
|
0-0: Called Strike 0-1: Called Strike 0-2: Fly out, F8 (Flyball, 8RD, EV 93.1 MPH) Runner from 3rd tags up, SCORES, throw by CF
|
|
Batting: SHB Jack Tierney
|
0-0: Ball 1-0: Ball 2-0: Fly out, F5 (Popup, 5SF, EV 79.4 MPH)
|
| Bottom of the 3rd over - 1 run, 1 hit, 0 errors, 1 left on base; Stanford University 2 - University of Toronto 1 |
| TOP OF THE 4TH |
|
Stanford University Cardinal batting - Pitching for University of Toronto Marlies : LHP Carlos Ruedas
|
|
Batting: LHB Caleb Hartwell
|
0-0: Foul Ball, location: 2F 0-1: Foul Ball, location: 2F 0-2: Ball 1-2: Strikes out swinging
|
|
Batting: RHB Dzevat Koljevic
|
0-0: Foul Ball, location: 2F 0-1: Ball 1-1: SINGLE (Line Drive, 34D, EV 103.1 MPH)
|
|
Batting: RHB Ted Hickey
|
0-0: Swinging Strike 0-1: Called Strike 0-2: Ball 1-2: Ground out 5-3 (Groundball, 56S, EV 84.4 MPH) Dzevat Koljevic to second
|
|
Batting: LHB Mike Keating
|
0-0: Ball 1-0: Called Strike 1-1: SINGLE (Groundball, 6M, EV 102.5 MPH) (infield hit) Dzevat Koljevic to third
|
|
Batting: RHB Joe Gabriel
|
0-0: Ball 1-0: Called Strike 1-1: DOUBLE (Line Drive, 9LM, EV 102.5 MPH) Dzevat Koljevic scores Mike Keating to third
|
|
Batting: RHB Josh Benefield
|
0-0: Ball 1-0: TRIPLE (Line Drive, 78XD, EV 106.9 MPH) Mike Keating scores Joe Gabriel scores
|
|
Pitching: RHP Aaron Knight
|
|
|
Batting: RHB Joe Petley
|
0-0: Called Strike 0-1: Ball 1-1: Fly out, F8 (Line Drive, 8RS, EV 106.2 MPH)
|
| Top of the 4th over - 3 runs, 4 hits, 0 errors, 1 left on base; Stanford University 5 - University of Toronto 1 |
| BOTTOM OF THE 4TH |
|
University of Toronto Marlies batting - Pitching for Stanford University Cardinal : RHP Jesus Hernandez
|
|
Batting: SHB Shannon Britten
|
0-0: Ball 1-0: DOUBLE (Groundball, 5L, EV 108.1 MPH)
|
|
Batting: RHB Jeff McClellan
|
0-0: Called Strike 0-1: Called Strike 0-2: Strikes out swinging
|
|
Batting: RHB Rich Vanegas
|
0-0: Called Strike 0-1: SINGLE (Groundball, 15S, EV 71.9 MPH) (infield hit) Shannon Britten to third
|
|
Batting: RHB Charlie Townend
|
0-0: Swinging Strike 0-1: Fly out, F7 (Flyball, 7, EV 90.0 MPH) Runner from 3rd tags up, SCORES, no throw by LF
|
|
Batting: SHB Jose Melendez
|
0-0: Ball 1-0: Called Strike 1-1: Called Strike 1-2: Strikes out swinging
|
| Bottom of the 4th over - 1 run, 2 hits, 0 errors, 1 left on base; Stanford University 5 - University of Toronto 2 |
| TOP OF THE 5TH |
|
Stanford University Cardinal batting - Pitching for University of Toronto Marlies : RHP Aaron Knight
|
|
Batting: LHB Donny Kleinjan
|
0-0: Foul Ball, location: 2F 0-1: Ball 1-1: Foul Ball, location: 2F 1-2: Ground out 5-3 (Groundball, 56S, EV 81.2 MPH)
|
|
Batting: LHB Chien Sam
|
0-0: Ground out 3-1 (Groundball, 34, EV 77.5 MPH)
|
|
Batting: LHB Caleb Hartwell
|
0-0: Called Strike 0-1: Ground out 6-3 (Groundball, 6, EV 86.9 MPH)
|
| Top of the 5th over - 0 runs, 0 hits, 0 errors, 0 left on base; Stanford University 5 - University of Toronto 2 |
| BOTTOM OF THE 5TH |
|
University of Toronto Marlies batting - Pitching for Stanford University Cardinal : RHP Jesus Hernandez
|
|
Batting: LHB Greg Robertson
|
0-0: Foul Ball, location: 2F 0-1: Ball 1-1: Swinging Strike 1-2: Strikes out swinging
|
|
Batting: RHB Elmar Adenauer
|
0-0: Called Strike 0-1: Fly out, F4 (Popup, 4MD, EV 55.6 MPH)
|
|
Batting: RHB Logan Johnson
|
0-0: Ball 1-0: Called Strike 1-1: Ball 2-1: Fly out, F3 (Popup, 23F, EV 85.6 MPH)
|
| Bottom of the 5th over - 0 runs, 0 hits, 0 errors, 0 left on base; Stanford University 5 - University of Toronto 2 |
| TOP OF THE 6TH |
|
Stanford University Cardinal batting - Pitching for University of Toronto Marlies : RHP Aaron Knight
|
|
Pinch Hitting: RHB John Van der Linden
|
0-0: Fly out, F8 (Flyball, 8RM, EV 95.6 MPH)
|
|
Batting: RHB Ted Hickey
|
0-0: Called Strike 0-1: Foul Ball, location: 2F 0-2: Hit by Pitch
|
|
Batting: LHB Mike Keating
|
0-0: Ball 1-0: Called Strike 1-1: Ball 2-1: Ball 3-1: Base on Balls Ted Hickey to second
|
|
Batting: RHB Joe Gabriel
|
0-0: Ball 1-0: Called Strike 1-1: Ball 2-1: Ball 3-1: Called Strike 3-2: Strikes out swinging
|
|
Batting: RHB Josh Benefield
|
0-0: Ground out 4-3 (Groundball, 4MD, EV 109.4 MPH)
|
| Top of the 6th over - 0 runs, 0 hits, 0 errors, 2 left on base; Stanford University 5 - University of Toronto 2 |
| BOTTOM OF THE 6TH |
|
University of Toronto Marlies batting - Pitching for Stanford University Cardinal : RHP Jesus Hernandez
|
|
Pitching: RHP Andy Swan
|
|
|
Now at 2B: John Van der Linden
|
|
|
Now at SS: Ted Hickey
|
|
|
Pinch Hitting: LHB Efrem Isaev
|
0-0: SINGLE (Line Drive, 4MD, EV 95.0 MPH)
|
|
Batting: RHB Luke Stannard
|
0-0: Called Strike 0-1: Ball 1-1: Foul Ball, location: 2F 1-2: Fly out, F8 (Flyball, 8RD, EV 99.4 MPH)
|
|
Batting: RHB Jeff McClellan
|
0-0: Called Strike 0-1: Called Strike 0-2: Fly out, F8 (Flyball, 8RM, EV 90.0 MPH)
|
|
Batting: RHB Rich Vanegas
|
0-0: Foul Ball, location: 2F 0-1: Fly out, F8 (Flyball, 78D, EV 101.9 MPH)
|
| Bottom of the 6th over - 0 runs, 1 hit, 0 errors, 1 left on base; Stanford University 5 - University of Toronto 2 |
| TOP OF THE 7TH |
|
Stanford University Cardinal batting - Pitching for University of Toronto Marlies : RHP Aaron Knight
|
|
Pitching: LHP Nick Holt
|
|
|
Now in LF: Efrem Isaev
|
|
|
Batting: RHB Joe Petley
|
0-0: Called Strike 0-1: Foul Ball, location: 2F 0-2: Strikes out swinging
|
|
Batting: LHB Donny Kleinjan
|
0-0: Called Strike 0-1: Foul Ball, location: 2F 0-2: Ball 1-2: Ball 2-2: Strikes out looking
|
|
Batting: LHB Chien Sam
|
0-0: Swinging Strike 0-1: Ground out 4-3 (Groundball, 4M, EV 83.1 MPH)
|
| Top of the 7th over - 0 runs, 0 hits, 0 errors, 0 left on base; Stanford University 5 - University of Toronto 2 |
| BOTTOM OF THE 7TH |
|
University of Toronto Marlies batting - Pitching for Stanford University Cardinal : RHP Andy Swan
|
|
Pitching: LHP Joe Alverson
|
|
|
Batting: RHB Charlie Townend
|
0-0: Ball 1-0: Foul Ball, location: 2F 1-1: DOUBLE (Line Drive, 7LS, EV 103.8 MPH)
|
|
Pinch Hitting: RHB Akichika Yamano
|
0-0: Ball 1-0: Ball 2-0: Swinging Strike 2-1: Foul Ball, location: 2F 2-2: Foul Ball, location: 2F 2-2: Ground out 6-3 (Groundball, 6S, EV 84.4 MPH)
|
|
Batting: LHB Greg Robertson
|
0-0: Foul Ball, location: 2F 0-1: Foul Ball, location: 2F 0-2: Ball 1-2: Ball 2-2: Ball 3-2: Fly out, F7 (Flyball, 78M, EV 96.2 MPH)
|
|
Batting: RHB Elmar Adenauer
|
0-0: Swinging Strike 0-1: Swinging Strike 0-2: Ball 1-2: Foul Ball, location: 2F 1-2: Ball 2-2: Foul Ball, location: 2F 2-2: Ball 3-2: Base on Balls
|
|
Batting: RHB Logan Johnson
|
0-0: Ball 1-0: Called Strike 1-1: Ball 2-1: SINGLE (Line Drive, 9LS, EV 97.5 MPH) Charlie Townend to third Elmar Adenauer to second
|
|
Pitching: LHP Marco Mendez
|
|
|
Batting: LHB Efrem Isaev
|
0-0: Ball 1-0: GRAND SLAM HOME RUN (Line Drive, 8RXD, EV 114.4 MPH), Distance : 449 ft
|
|
Batting: RHB Luke Stannard
|
0-0: DOUBLE (Flyball, 8RXD, EV 104.4 MPH)
|
|
Batting: RHB Jeff McClellan
|
0-0: Ball 1-0: Ball 2-0: Called Strike 2-1: Called Strike 2-2: Ball 3-2: Foul Ball, location: 2F 3-2: Ground out 4-3 (Groundball, 4, EV 85.0 MPH)
|
| Bottom of the 7th over - 4 runs, 4 hits, 0 errors, 1 left on base; Stanford University 5 - University of Toronto 6 |
| TOP OF THE 8TH |
|
Stanford University Cardinal batting - Pitching for University of Toronto Marlies : LHP Nick Holt
|
|
Now in LF: Greg Robertson
|
|
|
Now in CF: Efrem Isaev
|
|
|
Now in RF: Akichika Yamano
|
|
|
Batting: LHB Caleb Hartwell
|
0-0: SINGLE (Groundball, 4MD, EV 96.2 MPH)
|
|
Batting: RHB John Van der Linden
|
0-0: 2-RUN HOME RUN (Flyball, 7LD, EV 98.1 MPH), Distance : 375 ft
|
|
Batting: RHB Ted Hickey
|
0-0: Ball 1-0: Fly out, F7 (Line Drive, 7, EV 93.1 MPH)
|
|
Batting: LHB Mike Keating
|
0-0: Ball 1-0: Foul Ball, location: 2F 1-1: Ball 2-1: Ball 3-1: Base on Balls
|
|
Batting: RHB Joe Gabriel
|
0-0: Ball 1-0: Called Strike 1-1: Foul Ball, location: 2F 1-2: Strikes out swinging
|
|
Batting: RHB Gary Preston
|
0-0: Ball 1-0: Foul Ball, location: 2F 1-1: Ball 2-1: Foul Ball, location: 2F 2-2: Foul Ball, location: 2F 2-2: Ball Mike Keating is caught stealing 2nd base 2-4
|
| Top of the 8th over - 2 runs, 2 hits, 0 errors, 0 left on base; Stanford University 7 - University of Toronto 6 |
| BOTTOM OF THE 8TH |
|
University of Toronto Marlies batting - Pitching for Stanford University Cardinal : LHP Marco Mendez
|
|
Pitching: RHP Steven Townsend
|
|
|
Batting: RHB Rich Vanegas
|
0-0: Foul Ball, location: 2F 0-1: Swinging Strike 0-2: Strikes out swinging
|
|
Batting: RHB Charlie Townend
|
0-0: Ball 1-0: Swinging Strike 1-1: Swinging Strike 1-2: Ball 2-2: Foul Ball, location: 2F 2-2: Ball 3-2: Strikes out swinging
|
|
Batting: RHB Akichika Yamano
|
0-0: Swinging Strike 0-1: Ball 1-1: Foul Ball, location: 2F 1-2: Ground out 4-3 (Groundball, 4M, EV 81.9 MPH)
|
| Bottom of the 8th over - 0 runs, 0 hits, 0 errors, 0 left on base; Stanford University 7 - University of Toronto 6 |
| TOP OF THE 9TH |
|
Stanford University Cardinal batting - Pitching for University of Toronto Marlies : LHP Nick Holt
|
|
Pitching: RHP Brad Cannell
|
|
|
Batting: RHB Gary Preston
|
0-0: Foul Ball, location: 2F 0-1: Ball 1-1: Called Strike 1-2: Ground out 6-3 (Groundball, 6D, EV 108.1 MPH)
|
|
Batting: RHB Joe Petley
|
0-0: Ball 1-0: Ball 2-0: Ball 3-0: Called Strike 3-1: Foul Ball, location: 2F 3-2: Base on Balls
|
|
Batting: LHB Donny Kleinjan
|
0-0: Swinging Strike 0-1: Ball 1-1: Ball 2-1: Ball 3-1: Foul Ball, location: 2F 3-2: Base on Balls Joe Petley to second
|
|
Pinch Hitting: RHB Mike Gard
|
0-0: Swinging Strike 0-1: Ball 1-1: Ball 2-1: Ball Wild Pitch! Joe Petley to third Donny Kleinjan to second 3-1: Base on Balls
|
|
Pitching: RHP Gui XĂș
|
|
|
Batting: LHB Caleb Hartwell
|
0-0: Ball 1-0: Called Strike 1-1: Called Strike 1-2: Foul Ball, location: 2F 1-2: Ball 2-2: Strikes out swinging
|
|
Batting: RHB John Van der Linden
|
0-0: Called Strike 0-1: Ball 1-1: Called Strike 1-2: Ball 2-2: Strikes out swinging
|
| Top of the 9th over - 0 runs, 0 hits, 0 errors, 3 left on base; Stanford University 7 - University of Toronto 6 |
| BOTTOM OF THE 9TH |
|
University of Toronto Marlies batting - Pitching for Stanford University Cardinal : RHP Steven Townsend
|
|
Pitching: RHP Warren Waldman
|
|
|
Now at C: Mike Gard
|
|
|
Batting: LHB Greg Robertson
|
0-0: Ball 1-0: SINGLE (Line Drive, 8LS, EV 94.4 MPH)
|
|
Batting: RHB Elmar Adenauer
|
0-0: Ball 1-0: Ball 2-0: Swinging Strike 2-1: Swinging Strike 2-2: Strikes out swinging
|
|
Pinch Hitting: SHB Conrade Gordon
|
0-0: Foul Ball, location: 2F 0-1: Foul Ball, location: 2F 0-2: Ball 1-2: Ball 2-2: Foul Ball, location: 2F 2-2: Foul Ball, location: 2F 2-2: SINGLE (Groundball, 6D, EV 100.0 MPH) Greg Robertson to second
|
|
Batting: LHB Efrem Isaev
|
0-0: Ball 1-0: Foul Ball, location: 2F 1-1: Foul Ball, location: 2F 1-2: Fielders Choice at 2nd, 6-4 (Groundball, 6M, EV 78.8 MPH) Greg Robertson to third
|
|
Pitching: LHP Larry Steen
|
|
|
Batting: RHB Luke Stannard
|
0-0: Ground out 4-3 (Groundball, 34S, EV 90.0 MPH)
|
| Bottom of the 9th over - 0 runs, 2 hits, 0 errors, 2 left on base; Stanford University 7 - University of Toronto 6 |
|